 Dungeon Crawl Stone Soup version 0.24-a0-549-g45f0056d81 (webtiles) character file.

Game seed: 13387002147109644797

70 BinkBink the Chopper (level 4, -3/33 HPs)
             Began as a Demonspawn Gladiator on Aug 19, 2019.
             Slain by an orc warrior
             ... wielding a +0 halberd
              (15 damage)
             ... on level 2 of the Dungeon.
             The game lasted 00:02:39 (1161 turns).

BinkBink the Chopper (Demonspawn Gladiator)         Turns: 1161, Time: 00:02:40

Health: -3/33      AC:  6    Str: 14    XL:     4   Next: 4%
Magic:  4/4        EV: 12    Int: 10    God:
Gold:   62         SH:  0    Dex: 15    Spells: 3/3 levels left

rFire    . . .     SeeInvis .   m - +2 dagger (freeze)
rCold    . . .     Gourm    .   (no shield)
rNeg     . . .     Faith    .   e - +0 ring mail
rPois    .         Spirit   .   c - +0 helmet
rElec    .         Reflect  .   (no cloak)
rCorr    .         Harm     .   (no gloves)
MR       .....                  (no boots)
Stlth    +.........             (no amulet)
HPRegen  0.11/turn              (no ring)
MPRegen  0.09/turn              (no ring)

@: no status effects
A: spiny 2, rot immunity
a: no special abilities


You were on level 2 of the Dungeon.
You were hungry.

You visited 1 branch of the dungeon, and saw 2 of its levels.

You collected 62 gold pieces.

Inventory:

Hand Weapons
 a - a +0 war axe
 m - a +2 dagger of freezing (weapon)
Missiles
 d - 3 throwing nets (quivered)
Armour
 b - a +0 leather armour
 c - a +0 helmet (worn)
 e - a +0 ring mail (worn)
Scrolls
 g - a scroll of amnesia {unknown}
 j - a scroll of identify {unknown}
 l - a scroll of teleportation {unknown}
 n - a scroll of noise {unknown}
 q - a scroll of fog {unknown}
Potions
 h - a potion of agility {unknown}
 i - a potion of curing {unknown}
 k - a potion of degeneration {unknown}
 o - a potion of lignification {unknown}
Comestibles
 f - 4 rations


   Skills:
 + Level 2.1 Fighting
 + Level 1.1 Short Blades
 + Level 3.4 Axes
 + Level 1.9 Throwing
 + Level 0.1 Armour
 + Level 3.4 Dodging


You had 3 spell levels left.
You didn't know any spells.
Your spell library was empty.

Dungeon Overview and Level Annotations

Branches:
Dungeon (2/15)

Altars:
Fedhas


Innate Abilities, Weirdness & Mutations

You are mostly covered in sharp spines.
You are immune to rotting.


Message History

You closely miss the orc.
The orc is severely wounded.
The orc hits you with a +1 mace of crushing.
The orc warrior hits you from afar with a +0 halberd!
Ouch! That really hurt!
* * * LOW HITPOINT WARNING * * *
You are too injured to fight recklessly!
You are too injured to fight recklessly!
The orc hits you with a +1 mace of crushing.
* * * LOW HITPOINT WARNING * * *
x2 It was a potion of heal wounds.
You feel much better. The orc hits you but does no damage.
You hit the orc. You freeze the orc.
You kill the orc!
The orc warrior hits you from afar with a +0 halberd!
The orc warrior hits you with a +0 halberd.
You closely miss the orc warrior. The orc warrior closely misses you.
You hit the orc warrior but do no damage.
The orc warrior hits you with a +0 halberd!
You die...

#.........##..#.....#.#.
#.#.#.#.#.#..#.##.#.....
#.......#.###.##.#.###..
#.#.#.#.############ ###
#.......###.#......#
#.#.#.#..##...###..#
#........#....#..>.#
##).....###.##.##
#.)@....#.......##
#.....#o#..#..#.#.#..###
#..........#.##.........
#.....#.#.......#.#.....
#....................##.
#......##.......########
#...... ...##### #......
..#


You could see an orc warrior.

Vanquished Creatures
  3 adders (D:2)
  3 leopard geckos (D:1)
  4 orcs (D:2)
  A ball python (D:1)
  3 giant cockroaches
  4 goblins
  2 hobgoblins
  A quokka (D:2)
  8 bats
  4 frilled lizards
  A kobold (D:1)
  2 rats (D:1)
36 creatures vanquished.

Notes
Turn   | Place    | Note
-------+----------+-------------------------------------------
     0 | D:1      | BinkBink the Demonspawn Gladiator began the quest for the
                  | Orb.
     0 | D:1      | Reached XP level 1. HP: 16/16 MP: 1/1
   383 | D:1      | Gained mutation: You are partially covered in sharp spines.
                  | [demonic ancestry]
   383 | D:1      | Reached XP level 2. HP: 20/22 MP: 2/2
   955 | D:2      | Found a blossoming altar of Fedhas.
   981 | D:2      | Gained mutation: You are immune to rotting. [demonic
                  | ancestry]
   981 | D:2      | Reached XP level 3. HP: 27/27 MP: 3/3
  1145 | D:2      | Noticed an orc warrior
  1149 | D:2      | Reached skill level 1 in Short Blades
  1154 | D:2      | Gained mutation: You are mostly covered in sharp spines.
                  | [demonic ancestry]
  1154 | D:2      | Reached XP level 4. HP: 29/33 MP: 4/4
  1161 | D:2      | Slain by an orc warrior

Levels and vault maps discovered:
D:1:      lightli_arrival_farm, layout_loops_ring
D:2:      layout_rooms, nicolae_overflow_hidden_temple, serial_glass,
          glass_columns_b, glass_columns_b, glass_columns_a, glass_columns_a,
          glass_columns_a, glass_columns_b, due_unseen_surprise,
          item_on_display_a, feat_on_display, feat_on_display,
          minmay_misc_feat_rugged

Skill      XL: |  1  2  3 |
---------------+----------+-----
Axes           | 3 |  3.4
Dodging        | 3 |  3.4
Short Blades   | 1 |  1.1
Fighting       | |  2.1
Throwing       | |  1.9
Armour         | |  0.1

Action                   |  1- 3 |  4- 6 || total
-------------------------+-------+-------++-------
Melee: War axe           |    29 |       ||    29
       Dagger            |    40 |     4 ||    44
  Use: Potion            |       |     1 ||     1
Armor: Ring mail         |    27 |     1 ||    28
Dodge: Dodged            |    59 |     2 ||    61

Table legend:
 A = Non-vault XP
 B = Vault XP
 C = Vault XP percentage of total XP
 D = Non-vault monster count
 E = Vault monster count
 F = Vault count percentage of total count
                 A         B        C        D         E       F
            +---------+---------+-------+---------+---------+-------
      Total |     101 |       0 |   0.0 |      36 |       0 |   0.0
            +---------+---------+-------+---------+---------+-------
        D:1 |      29 |       0 |   0.0 |      17 |       0 |   0.0
        D:2 |      72 |       0 |   0.0 |      19 |       0 |   0.0
            +---------+---------+-------+---------+---------+-------
